 Dungeon Crawl Stone Soup version 0.32-a0-12-g7fc57aa741 (webtiles) character file.

Game seed: 11576561958390021857

63 Zonian the Caller (level 3, -1/16 HPs)
             Began as a Felid Summoner on Jan 14, 2024.
             Constricted to death by Ijyb (3 damage)
             ... on level 3 of the Dungeon.
             The game lasted 00:07:15 (2296 turns).

Zonian the Caller (Felid Summoner)                  Turns: 2296, Time: 00:07:15

Health: -1/16      AC:  1    Str:  4    XL:     3   Next: 89%
Magic:  4/7        EV: 15    Int: 20    God:
Gold:   125        SH:  0    Dex: 16    Spells: 1/7 levels left
                                        Lives:  0   Deaths: 1

rFire   . . .        (weapon unavailable)
rCold   . . .        (shield unavailable)
rNeg    . . .        (body armour unavailable)
rPois   .            (helmet unavailable)
rElec   .            (cloak unavailable)
rCorr   .            (gloves unavailable)
SInv    +            (boots unavailable)
Will    .....        (no amulet)
Stlth   +++          (no ring)
HPRegen 0.22/turn    (no ring)
MPRegen 0.10/turn

%: no passive effects
@: grasped by roots, constricted, inugami summoned
A: very small, claws 1, fangs 3, see invisible, shaggy fur 1, stealthy paws, no
weapons or thrown items, no armour, multi-lived
a: no special abilities


You were on level 3 of the Dungeon.
You visited 1 branch of the dungeon, and saw 4 of its levels.

You collected 125 gold pieces.


Innate Abilities, Weirdness & Mutations

You have sharp claws.
You have razor-sharp teeth.
You have supernaturally acute eyesight. (SInv)
You are covered in fur. (AC +1)
Your paws help you pounce on unaware monsters.
You are incapable of wielding weapons or throwing items.
You cannot wear armour.
You gain extra lives every three experience levels.


   Skills:
 + Level 3.6 Dodging
 + Level 3.8 Stealth
 + Level 2.6 Spellcasting
 + Level 4.4 Summonings


You had one spell level left.
You knew the following spells:

 Your Spells              Type           Power      Damage    Failure   Level
a - Summon Small Mammal   Summ           80%        N/A       2%          1
b - Call Imp              Summ           40%        N/A       3%          2
c - Call Canine Familiar  Summ           20%        N/A       8%          3

Your spell library contained the following spells:

 Spells                   Type           Power      Damage    Failure   Level
 Summon Blazeheart Golem  Fire/Summ      11%        N/A       52%         4
 Summon Lightning Spire   Summ/Air       11%        N/A       52%         4
 Sculpt Simulacrum        Ice/Alch       1%         N/A       100%        6
 Ozocubu's Refrigeration  Ice            1%         4d7       100%        7
 Polar Vortex             Ice            1%         N/A       100%        9

Inventory:

Jewellery
 f - a ring of positive energy
   (You found it on level 3 of the Dungeon)
Potions
 d - a potion of curing {unknown}

Dungeon Overview and Level Annotations

Branches:
Dungeon (4/15) Zot: 26909
 Temple: D:4-7

Altars:
Hepliaklqana
Uskayaw

Shops:
D:1 (   D:3 [

Annotations:
D:3 Ijyb

#.# #.# #.# #########.# #.# #
#.........# #.#.# #.#########
#.#.###.#############.####
5....โˆฉ....)...ยง.@>.......#
#.# .###....g..###....#
#.#########.##.h..# #....#
#.................# #....#
#......###.###....###....#
+..........#.......##......
#........###.......##.......
#######..# #......[##.......
#..# #.......#


You could see Ijyb (ally target) and a friendly inugami (summoned, rooted).


Message History

๐Ÿ˜Ž MP[-1]
You lost 1 mp, and now have 5/7 mp.
Unknown command.
Okay, then.
Casting: Summon Small Mammal (safe; 2% risk of failure)
Confirm with . or Enter, or press ? or * to list all spells.
Okay, then.
The goblin barely misses your quokka.
Your quokka misses the goblin. The goblin barely misses your quokka.
Unknown command.
Your quokka barely misses the goblin.
The goblin closely misses your quokka.
Your quokka bites the goblin.
The goblin dies! ๐Ÿ˜Ž MP[+1] Unknown command.
You start resting. ๐Ÿ˜Ž MP[+1]
Your mp is fully restored (7).
You start waiting.
Ijyb is nearby!
Unknown command.
Casting: Summon Small Mammal (safe; 2% risk of failure)
Confirm with . or Enter, or press ? or * to list all spells.
You call for your canine familiar and it appears with a howl! ๐Ÿ˜Ž MP[-3]
You lost 3 mp, and now have 4/7 mp.
Unknown command.
Casting: Call Canine Familiar (extremely dangerous; 8% risk of failure)
Confirm with . or Enter, or press ? or * to list all spells.
A tiny devil pulls itself out of the air. ๐Ÿ˜Ž MP[-2]
You lost 2 mp, and now have 2/7 mp.
Unknown command.
Okay, then.
You aren't carrying any scrolls.
Unknown command.
Your rat disappears in a puff of smoke!
Your cerulean imp hits Ijyb but does no damage.
Ijyb screams, "Me kill you!" Ijyb hits your quokka with a +0 club.
Unknown command.
Your cerulean imp barely misses Ijyb.
Your inugami hits Ijyb but does no damage.
Ijyb zaps a wand.
The roots erupt in riotous growth!
Roots grab your quokka. Roots grab your cerulean imp.
Ijyb is unaffected.
Roots grab your inugami. The grasping roots grab you!
The grasping roots constrict your quokka.
The grasping roots constrict your inugami.
The grasping roots constrict your cerulean imp.
The grasping roots constrict you. ๐Ÿ˜ฎ HP[-4]
You take 4 damage, and now have 12/16 hp.
MASSIVE DAMAGE!! (PAUSE)
Casting: Call Imp (safe; 3% risk of failure)
Confirm with . or Enter, or press ? or * to list all spells.
You don't have enough magic to cast this spell.
Magic courses through your body.
Your quokka bites Ijyb but does no damage.
Your cerulean imp hits Ijyb but does no damage.
Ijyb hits your quokka with a +0 club.
Your quokka dies!
Your quokka's corpse disappears in a puff of smoke!
The grasping roots constrict your inugami.
The grasping roots constrict your cerulean imp.
The grasping roots constrict you.
* * * LOW HITPOINT WARNING * * *
Your inugami barely misses Ijyb. ๐Ÿ˜จ HP[-4] MP[+5]
You take 4 damage, and now have 8/16 hp.
MASSIVE DAMAGE!! (PAUSE)
Your mp is fully restored (7).
Casting: Call Imp (safe; 3% risk of failure)
Confirm with . or Enter, or press ? or * to list all spells.
You imbue your familiar with magical energy and its fangs glint viciously.
Your cerulean imp barely misses Ijyb.
The grasping roots constrict your inugami.
The grasping roots constrict your cerulean imp.
The grasping roots constrict you.
* * * LOW HITPOINT WARNING * * *
Your inugami hits Ijyb but does no damage.
Your inugami hits Ijyb.
The grasping roots release their grip on you. ๐Ÿ˜ฑ HP[-6] MP[-3]
You take 6 damage, and now have 2/16 hp.
MASSIVE DAMAGE!! (PAUSE)
You lost 3 mp, and now have 4/7 mp.
It was a potion of cancellation.
You feel magically purged.
Your cerulean imp hits Ijyb but does no damage.
Ijyb zaps a wand.
The roots erupt in riotous growth!
The grasping roots grab you!
Ijyb is unaffected.
The grasping roots constrict your inugami.
The grasping roots constrict your cerulean imp.
Your cerulean imp dies!
Your cerulean imp disappears in a puff of smoke!
The grasping roots constrict you.
You die...

Skill      XL: |  1 |
---------------+----+-----
Dodging        | 3 |  3.6
Stealth        | 3 |  3.8
Spellcasting   | |  2.6
Summonings     | |  4.4

Action                     || total
---------------------------++-------
  Melee: Unarmed           ||    10
         Bite              ||     3
   Cast: Summon Small Mamm ||    69
         Call Imp          ||     4
         Call Canine Famil ||     2
    Use: Potion            ||     4
         Scroll            ||     3
 Armour: Skin              ||    11
  Dodge: Dodged            ||    21

Levels and vault maps discovered:
D:1:      onia_arrival_mini_spirals, layout_loops_ring, serial_shops,
          nicolae_shop_back_alley_shop
D:2:      minmay_evil_eye, layout_loops_ring, basic_altar
D:3:      layout_basic, serial_shops, shop, uniq_terence, uniq_sigmund,
          uniq_ijyb
D:4:      layout_rooms, overflow_temple_1_default,
          eat_drink_and_be_merry_uskayaw, uniq_blork_the_orc

Notes
Turn   | Place    | Note
-------+----------+-------------------------------------------
     0 | D:1      | Zonian the Felid Summoner began the quest for the Orb.
     0 | D:1      | Reached XP level 1. HP: 9/9 MP: 4/4
     0 | D:1      | magus.rc [v1.9.6]
   402 | D:1      | Reached skill level 3 in Dodging
   402 | D:1      | Reached skill level 3 in Stealth
   422 | D:1      | Reached XP level 2. HP: 13/13 MP: 0/6
   581 | D:1      | Learned a level 2 spell: Call Imp
  1268 | D:1      | Found Imioptec's Antique Weapon Boutique.
  1390 | D:1      | Reached XP level 3. HP: 16/16 MP: 2/7
  1394 | D:1      | Learned a level 3 spell: Call Canine Familiar
  1629 | D:2      | Found a hazy altar of Hepliaklqana.
  1789 | D:2      | You fall into a shaft and drop 2 floors!
  1794 | D:4      | You pick up a book of Ice and begin reading...
  1794 | D:4      | You add the spells Sculpt Simulacrum, Ozocubu's
                  | Refrigeration and Polar Vortex to your library.
  1797 | D:4      | Found a hide-covered altar of Uskayaw.
  2201 | D:3      | Noticed a centaur
  2205 | D:3      | Slain by a centaur
  2205 | D:3      | Lost a life (0 lives remaining)
  2210 | D:3      | Found Guckaeb's Armour Emporium.
  2210 | D:3      | Noticed Ijyb
  2295 | D:3      | HP: 2/16 [constriction (6)]
  2296 | D:3      | Constricted to death by Ijyb

Vanquished Creatures
  A quokka (D:1)
  A bat (D:1)
  A frilled lizard (D:1)
3 creatures vanquished.

Vanquished Creatures (collateral kills)
  A sleepcap (D:4)
  A dart slug (D:1)
  An endoplasm (D:1)
  A giant cockroach (D:1)
  2 hobgoblins (D:1)
  3 jackals (D:1)
  3 quokkas
  2 bats
  A frilled lizard (D:3)
  4 goblins
  8 kobolds
  A rat (D:1)
28 creatures vanquished.

Vanquished Creatures (others)
  An endoplasm (D:1)
1 creature vanquished.

Grand Total: 32 creatures vanquished

Table legend:
 A = Non-vault XP
 B = Vault XP
 C = Vault XP percentage of total XP
 D = Non-vault monster count
 E = Vault monster count
 F = Vault count percentage of total count
                 A         B        C        D         E       F
            +---------+---------+-------+---------+---------+-------
      Total |      91 |       0 |   0.0 |      32 |       0 |   0.0
            +---------+---------+-------+---------+---------+-------
        D:1 |      44 |       0 |   0.0 |      25 |       0 |   0.0
        D:2 |       4 |       0 |   0.0 |       2 |       0 |   0.0
        D:3 |       3 |       0 |   0.0 |       2 |       0 |   0.0
        D:4 |      40 |       0 |   0.0 |       3 |       0 |   0.0
            +---------+---------+-------+---------+---------+-------

Skill      XL: |  1 |
---------------+----+-----
Dodging        | 3 |  3.6
Stealth        | 3 |  3.8
Spellcasting   | |  2.6
Summonings     | |  4.4

Action                     || total
---------------------------++-------
  Melee: Unarmed           ||    10
         Bite              ||     3
   Cast: Summon Small Mamm ||    69
         Call Imp          ||     4
         Call Canine Famil ||     2
    Use: Potion            ||     4
         Scroll            ||     3
 Armour: Skin              ||    11
  Dodge: Dodged            ||    21

Illustrated notes

Table legend:
 A = Kills in this place as a percentage of kills in the entire game.
 B = Kills by you in this place as a percentage of kills by you in the entire game.
 C = Kills by friends in this place as a percentage of kills by friends in the entire game.
 D = Other kills in this place as a percentage of other kills in the entire game.
 E = Experience gained in this place as a percentage of experience gained in the entire game.
 F = Experience gained in this place divided by the number of levels of this place that you have seen.
                   A       B       C       D       E      F
               +-------+-------+-------+-------+-------+----------------------
         Total | 100.0 | 100.0 | 100.0 | 100.0 | 100.0 |  22.8
       Dungeon | 100.0 | 100.0 | 100.0 | 100.0 | 100.0 |  22.8
               +-------+-------+-------+-------+-------+----------------------

Table legend: (Time is in decaauts)
 A = Elapsed time spent in this place.
 B = Non-inter-level travel time spent in this place.
 C = Inter-level travel time spent in this place.
 D = Time resting spent in this place.
 E = Time spent auto-exploring this place.
 F = Levels seen in this place.
 G = Mean time per level.
                   A        B        C        D        E       F      G
               +--------+--------+--------+--------+--------+-----+--------+
         Total |   2295 |   2290 |      5 |    607 |   1145 |   4 |  573.8 |
       Dungeon |   2295 |   2290 |      5 |    607 |   1145 |   4 |  573.8 |
               +--------+--------+--------+--------+--------+-----+--------+

Top non-repeatable levels by time:
     D:1: 1608 daAuts
     D:4: 355 daAuts
     D:2: 180 daAuts
     D:3: 150 daAuts
